[ AOE2 MATCH · #507148624 ]
UnrankedBritons vs Teutons
Player's team · LOSS
Rival team · WIN
[ REPLAY ANALYSIS · EXTRACTED FROM THE RECORDED GAME ]
Feudal
11:23
Castle
19:42
Imperial
33:44
| APM avg | 49.2 |
| APM peak | 92 |
| eAPM avg | 29.4 |
| Villagers / military | 381 / 612 |
Focus
⚔️ 35.4% · 🌾 64.6%
Spearman ×383 · Longbowman ×204 · Trebuchet (Packed) ×16 · Monk ×4 · Mangonel ×3 · Scorpion ×1
Feudal
8:26
Castle
20:36
Imperial
35:02
| APM avg | 68.3 |
| APM peak | 100 |
| eAPM avg | 35.7 |
| Villagers / military | 195 / 665 |
Focus
⚔️ 39.6% · 🌾 60.4%
Skirmisher ×346 · Knight ×289 · Bombard Cannon ×22 · Scout Cavalry ×4 · Monk ×3 · Mangonel ×1
Match map
Initial resources + every placement click. Lines = walls · curves = elevation contours. ◆ gold · ⬟ stone · ● berries · ✦ relic · ◌ wall gap
Your base· ✓ Closed at 19:42 · 45t walls · 3 gate(s)
LvT | ZcPeter's base· ✓ Closed at 20:36 · 2t walls · 2 gate(s)
Smoothed initial terrain · ◌ = detected wall gap · hover for details
Inputs per minute
— VENÓN | BOTZANGA - - LvT | ZcPeter
Build order — VENÓN | BOTZANGA
First 150 of 803 actions detected
| 0:03 | Queue | Villager (Male) |
| 0:03 | Queue | Villager (Male) |
| 0:04 | Queue | Villager (Male) |
| 0:04 | Queue | Villager (Male) |
| 0:04 | Queue | Villager (Male) |
| 0:05 | Build | House |
| 0:06 | Build | House |
| 1:08 | Queue | Villager (Male) |
| 1:08 | Queue | Villager (Male) |
| 1:58 | Build | Lumber Camp |
| 2:08 | Queue | Villager (Male) |
| 2:08 | Queue | Villager (Male) |
| 2:27 | Queue | Villager (Male) |
| 2:28 | Queue | Villager (Male) |
| 2:43 | Queue | Villager (Male) |
| 2:44 | Queue | Villager (Male) |
| 3:27 | Queue | Villager (Male) |
| 3:27 | Queue | Villager (Male) |
| 3:41 | Queue | Villager (Male) |
| 4:11 | Build | House |
| 4:21 | Build | Mill |
| 4:22 | Queue | Villager (Male) |
| 4:42 | Queue | Villager (Male) |
| 4:43 | Queue | Villager (Male) |
| 5:10 | Queue | Villager (Male) |
| 5:19 | Build | House |
| 5:30 | Queue | Villager (Male) |
| 5:35 | Queue | Villager (Male) |
| 5:59 | Build | Farm |
| 5:59 | Build | Farm |
| 5:59 | Build | Farm |
| 6:08 | Queue | Villager (Male) |
| 6:17 | Build | Farm |
| 6:22 | Queue | Villager (Male) |
| 6:41 | Queue | Villager (Male) |
| 6:41 | Queue | Villager (Male) |
| 6:57 | Queue | Villager (Male) |
| 7:17 | Queue | Villager (Male) |
| 7:33 | Queue | Villager (Male) |
| 7:52 | Build | House |
| 8:10 | Build | Mining Camp |
| 8:26 | Research | Loom |
| 8:46 | Build | Palisade Wall |
| 8:55 | Build | Palisade Wall |
| 8:58 | Research | Feudal Age |
| 9:08 | Queue | Villager (Male) |
| 9:15 | Build | Palisade Wall |
| 9:41 | Build | Palisade Wall |
| 9:44 | Build | Palisade Wall |
| 9:49 | Build | Palisade Wall |
| 9:53 | Build | Palisade Wall |
| 9:54 | Build | Palisade Wall |
| 9:55 | Queue | Villager (Male) |
| 10:09 | Build | Mining Camp |
| 10:15 | Queue | Villager (Male) |
| 10:27 | Queue | Villager (Male) |
| 10:45 | Queue | Villager (Male) |
| 11:00 | Queue | Villager (Male) |
| 11:14 | Queue | Villager (Male) |
| 11:23 | Queue | Villager (Male) |
| 11:23 | Age | Feudal Age |
| 11:29 | Build | Market |
| 11:54 | Build | Stone Wall |
| 12:01 | Build | Watch Tower |
| 12:03 | Queue | Villager (Male) |
| 12:08 | Queue | Villager (Male) |
| 12:19 | Build | Blacksmith |
| 12:20 | Queue | Villager (Male) |
| 12:24 | Build | House |
| 12:25 | Queue | Villager (Male) |
| 12:31 | Build | House |
| 12:55 | Build | House |
| 12:58 | Build | Palisade Wall |
| 13:00 | Queue | Villager (Male) |
| 13:05 | Queue | Villager (Male) |
| 13:16 | Queue | Villager (Male) |
| 13:20 | Queue | Villager (Male) |
| 13:26 | Queue | Villager (Male) |
| 13:33 | Build | Watch Tower |
| 13:34 | Research | Fletching |
| 13:35 | Queue | Villager (Male) |
| 13:42 | Research | Double-Bit Axe |
| 13:44 | Queue | Villager (Male) |
| 13:53 | Build | House |
| 13:58 | Build | Palisade Wall |
| 13:59 | Queue | Villager (Male) |
| 14:10 | Queue | Villager (Male) |
| 14:14 | Queue | Villager (Male) |
| 14:19 | Queue | Villager (Male) |
| 14:22 | Build | House |
| 14:40 | Queue | Villager (Male) |
| 14:51 | Queue | Villager (Male) |
| 15:10 | Build | Gate |
| 15:11 | Queue | Villager (Male) |
| 15:13 | Queue | Villager (Male) |
| 15:29 | Queue | Villager (Male) |
| 15:37 | Queue | Villager (Male) |
| 15:40 | Build | House |
| 15:42 | Build | House |
| 15:51 | Queue | Villager (Male) |
| 15:54 | Build | Palisade Wall |
| 15:57 | Build | House |
| 16:03 | Queue | Villager (Male) |
| 16:12 | Queue | Villager (Male) |
| 16:26 | Queue | Villager (Male) |
| 16:40 | Build | Gate |
| 17:02 | Research | Castle Age |
| 17:31 | Build | Lumber Camp |
| 17:45 | Build | Lumber Camp |
| 18:30 | Research | Horse Collar |
| 18:48 | Build | Farm |
| 19:05 | Build | Farm |
| 19:11 | Queue | Villager (Male) |
| 19:16 | Build | Farm |
| 19:23 | Build | Farm |
| 19:42 | Age | Castle Age |
| 19:54 | Queue | Villager (Male) |
| 20:06 | Build | Castle |
| 20:14 | Build | Farm |
| 20:19 | Build | Town Center |
| 20:24 | Build | Town Center |
| 20:28 | Queue | Villager (Male) |
| 20:38 | Build | Farm |
| 20:40 | Queue | Villager (Male) |
| 21:01 | Queue | Villager (Male) |
| 21:05 | Build | Farm |
| 21:05 | Build | Farm |
| 21:06 | Build | Farm |
| 21:06 | Build | Farm |
| 21:06 | Build | Farm |
| 21:06 | Build | Farm |
| 21:09 | Queue | Longbowman |
| 21:09 | Queue | Longbowman |
| 21:21 | Queue | Longbowman |
| 21:23 | Queue | Villager (Male) |
| 21:31 | Queue | Villager (Male) |
| 21:42 | Queue | Longbowman |
| 21:45 | Queue | Longbowman |
| 21:52 | Queue | Villager (Male) |
| 21:54 | Build | Farm |
| 21:56 | Build | Farm |
| 22:09 | Queue | Villager (Male) |
| 22:17 | Build | Farm |
| 22:18 | Queue | Villager (Male) |
| 22:18 | Queue | Villager (Male) |
| 22:31 | Build | Farm |
| 22:32 | Queue | Villager (Male) |
| 22:37 | Queue | Villager (Male) |
| 22:48 | Queue | Villager (Male) |
| 22:51 | Queue | Longbowman |
Build order — LvT | ZcPeter
First 150 of 842 actions detected
| 0:01 | Queue | Villager (Male) |
| 0:01 | Queue | Villager (Male) |
| 0:01 | Queue | Villager (Male) |
| 0:02 | Build | House |
| 0:03 | Build | House |
| 0:24 | Queue | Villager (Male) |
| 0:24 | Queue | Villager (Male) |
| 1:30 | Queue | Villager (Male) |
| 1:31 | Queue | Villager (Male) |
| 1:49 | Build | Lumber Camp |
| 1:53 | Queue | Villager (Male) |
| 1:54 | Queue | Villager (Male) |
| 2:29 | Queue | Villager (Male) |
| 2:29 | Queue | Villager (Male) |
| 2:57 | Queue | Villager (Male) |
| 2:58 | Queue | Villager (Male) |
| 3:19 | Build | House |
| 3:26 | Queue | Villager (Male) |
| 3:26 | Queue | Villager (Male) |
| 4:06 | Queue | Villager (Male) |
| 4:24 | Queue | Villager (Male) |
| 4:37 | Queue | Villager (Male) |
| 5:08 | Build | Mining Camp |
| 5:18 | Queue | Villager (Male) |
| 5:27 | Research | Loom |
| 6:07 | Research | Feudal Age |
| 6:08 | Research | Feudal Age |
| 6:21 | Build | House |
| 8:15 | Build | Mill |
| 8:26 | Age | Feudal Age |
| 8:28 | Research | Town Watch |
| 8:30 | Research | Double-Bit Axe |
| 8:34 | Build | Watch Tower |
| 8:42 | Queue | Villager (Male) |
| 9:09 | Queue | Villager (Male) |
| 9:41 | Queue | Villager (Male) |
| 10:05 | Queue | Villager (Male) |
| 10:26 | Build | House |
| 10:39 | Queue | Villager (Male) |
| 10:40 | Queue | Villager (Male) |
| 10:58 | Queue | Villager (Male) |
| 11:07 | Build | Watch Tower |
| 11:27 | Research | Horse Collar |
| 11:39 | Queue | Villager (Male) |
| 11:48 | Build | Lumber Camp |
| 12:07 | Queue | Villager (Male) |
| 12:09 | Build | Farm |
| 12:11 | Build | Farm |
| 12:33 | Build | Watch Tower |
| 12:44 | Queue | Villager (Male) |
| 12:47 | Build | Farm |
| 12:51 | Build | Farm |
| 12:51 | Build | Farm |
| 13:08 | Queue | Villager (Male) |
| 13:27 | Queue | Villager (Male) |
| 13:31 | Build | Farm |
| 13:53 | Queue | Villager (Male) |
| 13:55 | Build | Farm |
| 14:05 | Build | House |
| 14:15 | Build | House |
| 14:18 | Research | Wheelbarrow |
| 14:18 | Research | Wheelbarrow |
| 14:23 | Build | Mining Camp |
| 14:29 | Build | Stone Wall |
| 14:30 | Build | Stone Wall |
| 14:55 | Build | Market |
| 15:55 | Queue | Villager (Male) |
| 15:59 | Build | Blacksmith |
| 16:23 | Queue | Villager (Male) |
| 16:29 | Build | Farm |
| 16:40 | Queue | Villager (Male) |
| 16:44 | Build | Farm |
| 16:46 | Build | Farm |
| 16:50 | Build | House |
| 17:03 | Build | Farm |
| 17:06 | Build | Farm |
| 17:09 | Queue | Villager (Male) |
| 17:16 | Build | Farm |
| 17:41 | Build | Farm |
| 17:56 | Research | Castle Age |
| 17:56 | Research | Castle Age |
| 18:31 | Build | Barracks |
| 19:11 | Build | Stable |
| 19:30 | Research | Gold Mining |
| 19:30 | Research | Gold Mining |
| 19:49 | Queue | Scout Cavalry |
| 19:49 | Queue | Scout Cavalry |
| 19:50 | Queue | Scout Cavalry |
| 20:22 | Queue | Villager (Male) |
| 20:25 | Research | Padded Archer Armor |
| 20:36 | Age | Castle Age |
| 20:39 | Build | Monastery |
| 20:41 | Queue | Villager (Male) |
| 20:52 | Queue | Villager (Male) |
| 20:54 | Build | House |
| 21:00 | Build | Archery Range |
| 21:08 | Research | Leather Archer Armor |
| 21:14 | Queue | Villager (Male) |
| 21:23 | Research | Bow Saw |
| 21:23 | Research | Bow Saw |
| 21:30 | Queue | Monk |
| 21:30 | Queue | Monk |
| 21:57 | Research | Elite Skirmisher (upgrade) |
| 21:57 | Research | Elite Skirmisher (upgrade) |
| 22:07 | Queue | Scout Cavalry |
| 22:35 | Queue | Skirmisher |
| 22:50 | Queue | Villager (Male) |
| 22:54 | Queue | Skirmisher |
| 22:56 | Build | House |
| 23:04 | Build | Town Center |
| 23:10 | Queue | Skirmisher |
| 23:15 | Research | Fletching |
| 23:16 | Queue | Villager (Male) |
| 23:16 | Queue | Villager (Male) |
| 23:27 | Build | Town Center |
| 23:34 | Queue | Skirmisher |
| 23:36 | Queue | Villager (Male) |
| 24:05 | Queue | Skirmisher |
| 24:18 | Queue | Villager (Male) |
| 24:18 | Queue | Villager (Male) |
| 24:23 | Build | Farm |
| 24:25 | Build | Farm |
| 24:38 | Research | Bodkin Arrow |
| 24:39 | Research | Bodkin Arrow |
| 24:42 | Build | Farm |
| 24:42 | Build | Farm |
| 24:42 | Build | Farm |
| 24:48 | Build | Farm |
| 24:50 | Build | Farm |
| 24:51 | Queue | Skirmisher |
| 25:06 | Build | Lumber Camp |
| 25:10 | Queue | Villager (Male) |
| 25:10 | Queue | Villager (Male) |
| 25:14 | Queue | Villager (Male) |
| 25:14 | Queue | Villager (Male) |
| 25:14 | Queue | Villager (Male) |
| 25:19 | Queue | Villager (Male) |
| 25:19 | Queue | Villager (Male) |
| 25:20 | Queue | Villager (Male) |
| 25:36 | Queue | Villager (Male) |
| 25:42 | Research | Heavy Plow |
| 25:42 | Research | Heavy Plow |
| 25:44 | Queue | Skirmisher |
| 26:07 | Queue | Villager (Male) |
| 26:07 | Queue | Villager (Male) |
| 26:11 | Queue | Villager (Male) |
| 26:11 | Queue | Villager (Male) |
| 26:14 | Build | Lumber Camp |
| 26:18 | Queue | Villager (Male) |
| 26:18 | Queue | Villager (Male) |
Match timeline
| 8:26 | LvT | ZcPeter · age_up feudal |
| 8:46 | VENÓN | BOTZANGA · wall_segment Palisade Wall x4 |
| 8:55 | VENÓN | BOTZANGA · wall_segment Palisade Wall x4 |
| 9:15 | VENÓN | BOTZANGA · wall_segment Palisade Wall x5 |
| 9:41 | VENÓN | BOTZANGA · wall_segment Palisade Wall x7 |
| 9:44 | VENÓN | BOTZANGA · wall_segment Palisade Wall x8 |
| 9:49 | VENÓN | BOTZANGA · wall_segment Palisade Wall x4 |
| 9:53 | VENÓN | BOTZANGA · wall_segment Palisade Wall x4 |
| 9:54 | VENÓN | BOTZANGA · wall_segment Palisade Wall x2 |
| 11:23 | VENÓN | BOTZANGA · age_up feudal |
| 11:54 | VENÓN | BOTZANGA · wall_segment Stone Wall x1 |
| 12:58 | VENÓN | BOTZANGA · wall_segment Palisade Wall x1 |
| 13:58 | VENÓN | BOTZANGA · wall_segment Palisade Wall x4 |
| 14:29 | LvT | ZcPeter · wall_segment Stone Wall x1 |
| 14:30 | LvT | ZcPeter · wall_segment Stone Wall x1 |
| 15:54 | VENÓN | BOTZANGA · wall_segment Palisade Wall x1 |
| 16:15 | VENÓN | BOTZANGA · first_market_buy 100 food |
| 16:16 | VENÓN | BOTZANGA · first_market_sell 100 wood |
| 17:27 | LvT | ZcPeter · first_market_buy 100 food |
| 18:31 | LvT | ZcPeter · first_building Barracks |
| 19:11 | LvT | ZcPeter · first_building Stable |
| 19:42 | VENÓN | BOTZANGA · age_up castle |
| 20:06 | VENÓN | BOTZANGA · first_building Castle |
| 20:36 | LvT | ZcPeter · age_up castle |
| 20:39 | LvT | ZcPeter · first_building Monastery |
| 21:00 | LvT | ZcPeter · first_building Archery Range |
| 21:55 | LvT | ZcPeter · first_market_sell 100 food |
| 23:51 | VENÓN | BOTZANGA · first_building Monastery |
| 24:47 | VENÓN | BOTZANGA · first_building Siege Workshop |
| 25:56 | VENÓN | BOTZANGA · wall_segment Stone Wall x1 |
| 27:43 | LvT | ZcPeter · first_building Siege Workshop |
| 31:33 | VENÓN | BOTZANGA · first_building Barracks |
| 32:17 | VENÓN | BOTZANGA · first_building Archery Range |
| 33:44 | VENÓN | BOTZANGA · age_up imperial |
| 35:02 | LvT | ZcPeter · age_up imperial |
| 46:22 | LvT | ZcPeter · first_building Castle |
| 48:46 | VENÓN | BOTZANGA · wall_segment Stone Wall x1 |
| 63:50 | VENÓN | BOTZANGA · resign |
[ AI ANALYSIS · 1 CREDIT ]
What really happened in this match?
Wolo.gg analyzes every decision: build order, eco, micro, common mistakes by bracket. Personalized analysis on WhatsApp or Discord in 30 seconds.
Civ guide
Britons
Perfil
Jugador #1920975